 Dungeon Crawl Stone Soup version 0.32-a0-163-g159c032296 (webtiles) character file.

Game seed: 18382745436113570352

1484715 jestert79 the Unforgettable (level 27, 181/200 HPs)
             Began as a Gnoll Wanderer on Feb 10, 2024.
             Was the Champion of Hepliaklqana.
             Escaped with the Orb
             ... and 3 runes on Feb 11, 2024!
             The game lasted 10:18:30 (92365 turns).

jestert79 the Unforgettable (Gnoll Wanderer)       Turns: 92365, Time: 10:18:31

Health: 181/200    AC: 22    Str: 17    XL:     27
Magic:  56/56      EV: 22    Int: 24    God:    Hepliaklqana [******]
Gold:   4223       SH: 16    Dex: 16    Spells: 8/66 levels left

rFire   + + .        b - +2 trident of Cocytus {heavy, rF+ rC++}
rCold   + + +        s - +1 kite shield {reflect}
rNeg    . . .        u - +3 leather armour {rC+ rF+}
rPois   +            y - +2 helmet {SInv}
rElec   +            E - +2 cloak {rCorr}
rCorr   +            z - +2 pair of gloves {Dex+3}
SInv    +            T - +2 pair of boots {Stlth+}
Will    ++...        m - amulet of magic regeneration
Stlth   +++          p - ring of Desm {rElec MP+9}
HPRegen 0.53/turn    M - ring "Hesm" {rPois Int+3}
MPRegen 0.75/turn

%: reflection
@: no status effects
A: reduced essence, fangs 1, strong nose, distributed training, cold resistance
1, deformed body, strong 1
0: Orb of Zot
}: 3/15 runes: decaying, serpentine, slimy
a: Renounce Religion, Recall Ancestor, Ancestor Identity, Transference, Idealise


You escaped.
You worshipped Hepliaklqana.
Hepliaklqana was exalted by your worship.
You visited 11 branches of the dungeon, and saw 54 of its levels.
You visited 1 bazaar.
You also visited: Bailey and Ice Cave.

You collected 8414 gold pieces.
You spent 4191 gold pieces at shops.

Inventory:

Hand Weapons
 a - a +9 morningstar of protection
 b - the +2 trident of Cocytus (weapon) {heavy, rF+ rC++}
   (You found it on level 2 of the Depths)

   rF+:       It protects you from fire.
   rC++:      It greatly protects you from cold.
Missiles
 f - 14 datura-tipped darts (quivered)
 A - 8 throwing nets
Armour
 s - a +1 kite shield of reflection (worn)
 u - a +3 leather armour of resistance (worn)
 y - a +2 helmet of see invisible (worn)
 z - a +2 pair of gloves of dexterity (worn)
 E - a +2 cloak of preservation (worn)
 T - a +2 pair of boots of stealth (worn)
Magical Staves
 P - the staff "Oczyecam" {rElec Int+2 Summ Air Alchemy}
   (You found it on level 3 of the Elven Halls)

   [staff of air]

   Base accuracy: +5 Base damage: 5 Base attack delay: 1.2 This weapon's minimum
   attack delay (0.6) is reached at skill level 12.
   Int+2:     It affects your intelligence (+2).
   rElec:     It insulates you from electricity.
   Summ:      It increases the power of your Summonings spells.
   Air:       It increases the power of your Air spells.
   Alchemy:   It increases the power of your Alchemy spells.
   It falls into the 'Staves' category.
   It is a one-handed weapon.
Jewellery
 m - an amulet of magic regeneration (around neck)
 p - the ring of Desm (left hand) {rElec MP+9}
   (You took it off a rakshasa on level 3 of the Depths)

   [ring of magical power]

   rElec:     It insulates you from electricity.
   MP+9:      It affects your magic capacity (+9).
 w - a ring of protection from cold
 B - the ring "Noapecee" {rPois rN+ Str+3 Dex+2}
   (You took it off a frost giant on level 3 of the Depths)

   [ring of positive energy]

   Str+3:     It affects your strength (+3).
   Dex+2:     It affects your dexterity (+2).
   rPois:     It protects you from poison rN+: It protects you from negative
   energy.
 D - a +5 ring of evasion
 L - the ring of Qenu {Fire ^Drain Str+5 Dex+8 Stlth+}
   (You found it on level 5 of the Pits of Slime)

   [ring of fire]

   Fire:      It enhances your fire magic.
   Str+5:     It affects your strength (+5).
   Dex+8:     It affects your dexterity (+8).
   rF+:       It protects you from fire.
   rC-:       It makes you vulnerable to cold.
   ^Drain:    It drains your maximum health when unequipped.
   Stlth+:    It makes you more stealthy.
 M - the ring "Hesm" (right hand) {rPois Int+3}
   (You acquired it in a bailey)

   [ring of poison resistance]

   Int+3:     It affects your intelligence (+3).
   rPois:     It protects you from poison
 R - a ring of flight
 U - the ring "Fuibes" {Ice *Corrode rElec Int+7 Stlth+}
   (You took it off Josephina on level 3 of the Depths)

   [ring of ice]

   Ice:       It enhances your ice magic.
   Int+7:     It affects your intelligence (+7).
   rF-:       It makes you vulnerable to fire.
   rC+:       It protects you from cold.
   rElec:     It insulates you from electricity.
   *Corrode:  It may corrode you when you take damage.
   Stlth+:    It makes you more stealthy.
 Z - the ring of Vechom {Will+ Slay+2}
   (You took it off a spriggan air mage on level 3 of the Depths)

   [ring of willpower]

   Slay+2:    It affects your accuracy & damage with ranged weapons and melee
   (+2).
   Will+:     It increases your willpower.
Wands
 h - a wand of paralysis (62)
 G - a wand of digging (1)
 X - a wand of roots (33)
 Y - a wand of acid (53)
Scrolls
 c - a scroll of butterflies
 e - 2 scrolls of amnesia
 j - 3 scrolls of revelation
 n - 10 scrolls of poison
 r - 19 scrolls of teleportation
 t - 3 scrolls of silence
 x - 9 scrolls of immolation
 H - 12 scrolls of fear
 J - 5 scrolls of blinking
 K - 6 scrolls of vulnerability
 O - 9 scrolls of fog
Potions
 d - 22 potions of curing
 g - 2 potions of magic
 i - 4 potions of resistance
 k - 6 potions of enlightenment
 l - 7 potions of attraction
 q - a potion of invisibility
 v - 4 potions of ambrosia
 C - 9 potions of lignification
 F - 9 potions of haste
 I - 6 potions of heal wounds
 N - 5 potions of mutation
 S - a potion of cancellation
 W - 7 potions of brilliance
Miscellaneous
 o - a phial of floods
 Q - a phantom mirror
 V - a lightning rod (4/4)


   Skills:
 + Level 19.7 Fighting
 + Level 19.5 Short Blades
 + Level 19.5 Long Blades
 + Level 19.5 Axes
 + Level 19.7 Maces & Flails
 + Level 19.5 Polearms
 + Level 19.5 Staves
 + Level 19.5 Ranged Weapons
 + Level 19.5 Throwing
 + Level 19.5 Armour
 + Level 19.5 Dodging
 + Level 19.9 Stealth
 + Level 19.5 Shields
 + Level 19.5 Unarmed Combat
 + Level 20.0 Spellcasting
 + Level 16.6 Conjurations
 + Level 16.6 Hexes
 + Level 17.4 Summonings
 + Level 16.6 Necromancy
 + Level 16.6 Translocations
 + Level 16.6 Fire Magic
 + Level 16.6 Ice Magic
 + Level 16.6 Air Magic
 + Level 16.6 Earth Magic
 + Level 16.6 Alchemy
 + Level 21.2 Invocations
 + Level 19.5 Evocations
 + Level 18.0 Shapeshifting


You had 8 spell levels left.
You knew the following spells:

 Your Spells              Type           Power      Damage    Failure   Level
a - Summon Small Mammal   Summ           100%       N/A       0%          1
b - Dispel Undead         Necr           81%        3d26      1%          4
c - Yara's Violent Unrav  Hex/Alch       40%        3d16      1%          5
d - Foxfire               Conj/Fire      100%       2x1d9     0%          1
e - Stone Arrow           Conj/Erth      100%       3d13      0%          3
f - Orb of Destruction    Conj           40%        9d11      2%          7
g - Irradiate             Conj/Alch      40%        3d25      1%          5
h - Dispersal             Tloc           40%        N/A       1%          6
i - Borgnjor's Vile Clut  Necr/Erth      40%        N/A       1%          5
j - Ozocubu's Armour      Ice            81%        N/A       0%          3
k - Freezing Cloud        Conj/Ice/Air   40%        6-21      1%          5
l - Summon Cactus Giant   Summ           41%        N/A       1%          6
m - Enfeeble              Hex            40%        N/A       2%          7

Your spell library contained the following spells:

 Spells                   Type           Power      Damage    Failure   Level
 Kiss of Death            Conj/Necr      100%       2d13      0%          1
 Magic Dart               Conj           100%       1d8       0%          1
 Necrotise                Necr           100%       1d9       0%          1
 Blink                    Tloc           100%       N/A       0%          2
 Call Imp                 Summ           100%       N/A       0%          2
 Cigotuvi's Dreadful Rot  Necr/Alch/Air  100%       N/A       0%          2
 Ensorcelled Hibernation  Hex/Ice        100%       N/A       0%          2
 Lesser Beckoning         Tloc           100%       N/A       0%          2
 Momentum Strike          Conj/Tloc      100%       3d10      0%          2
 Scorch                   Fire           100%       2d9       0%          2
 Static Discharge         Conj/Air       100%       3-8/arc   0%          2
 Sublimation of Blood     Necr           81%        N/A       0%          2
 Call Canine Familiar     Summ           82%        N/A       0%          3
 Dazzling Flash           Conj/Hex       100%       N/A       0%          3
 Fugue of the Fallen      Necr           81%        N/A       0%          3
 Gell's Gravitas          Tloc           81%        N/A       0%          3
 Hailstorm                Conj/Ice       81%        3d14      0%          3
 Inner Flame              Hex/Fire       81%        N/A       0%          3
 Mephitic Cloud           Conj/Alch/Air  81%        N/A       0%          3
 Passwall                 Erth           81%        N/A       0%          3
 Summon Ice Beast         Ice/Summ       82%        N/A       0%          3
 Swiftness                Air            81%        N/A       0%          3
 Teleport Other           Tloc           81%        N/A       0%          3
 Tukima's Dance           Hex            81%        N/A       0%          3
 Vampiric Draining        Necr           81%        2d11      0%          3
 Volatile Blastmotes      Fire/Tloc      100%       2d18      0%          3
 Anguish                  Hex/Necr       40%        N/A       1%          4
 Animate Armour           Summ/Erth      100%       N/A       1%          4
 Animate Dead             Necr           81%        N/A       1%          4
 Brom's Barrelling Bould  Conj/Erth      81%        2d9       1%          4
 Cause Fear               Hex            40%        N/A       1%          4
 Flame Wave               Conj/Fire      81%        2d18      1%          4
 Fulminant Prism          Conj/Alch      40%        3d19      1%          4
 Ignite Poison            Fire/Alch      81%        N/A       1%          4
 Manifold Assault         Tloc           81%        N/A       1%          4
 Martyr's Knell           Necr/Summ      82%        N/A       1%          4
 Passage of Golubria      Tloc           81%        N/A       1%          4
 Summon Blazeheart Golem  Fire/Summ      82%        N/A       1%          4
 Vhi's Electric Charge    Tloc/Air       100%       N/A       1%          4
 Alistair's Intoxication  Alch           54%        N/A       1%          5
 Curse of Agony           Necr           81%        N/A       1%          5
 Fireball                 Conj/Fire      40%        3d16      1%          5
 Iskenderun's Battlesphe  Conj           81%        2d13      1%          5
 Metabolic Englaciation   Hex/Ice        40%        N/A       1%          5
 Silence                  Hex/Air        40%        N/A       1%          5
 Summon Forest            Summ/Tloc      41%        N/A       1%          5
 Bombard                  Conj/Erth      40%        9d7       1%          6
 Conjure Ball Lightning   Conj/Air       40%        3x3d13    1%          6
 Death Channel            Necr           40%        N/A       1%          6
 Eringya's Noxious Bog    Alch           40%        4d6       1%          6
 Sculpt Simulacrum        Ice/Alch       40%        N/A       1%          6
 Starburst                Conj/Fire      40%        6d12      1%          6
 Summon Hydra             Summ           41%        N/A       1%          7
 Spellforged Servitor     Conj/Summ      41%        N/A       2%          7
 Ignition                 Fire           40%        3d12      21%         8
 Infestation              Necr           40%        N/A       21%         8
 Lehudib's Crystal Spear  Conj/Erth      40%        10d10     21%         8
 Maxwell's Capacitive Co  Air            40%        ∞         21%         8
 Polar Vortex             Ice            40%        12d5*     97%         9


Dungeon Overview and Level Annotations

Branches:
Dungeon (15/15)            Temple (0/1) D:6            Lair (5/5) D:9
  Swamp (4/4) Lair:2        Snake (4/4) Lair:3        Slime (5/5) Lair:5
    Orc (2/2) D:11            Elf (3/3) Orc:2        Vaults (4/5) D:14
  Crypt (3/3) Vaults:3       Tomb (0/3) Crypt:3      Depths (4/4) D:15
    Zot (5/5) Depths:4     Bailey (visited)           IceCv (visited)

Altars:
Ashenzari
Cheibriados
Dithmenos
Fedhas
Gozag
Hepliaklqana
Okawaru
Sif Muna
Trog
Wu Jian
Xom
Yredelemnul
The Shining One
Jiyva

Shops:
D:1 ?   D:6 *   D:7 *   D:8 ::*([   D:11 (   Orc:2 !==   Elf:3 (   Vaults:1 (
Vaults:2 *!![   Vaults:3 =   Zot:5 *

Portals:
Hell: Depths:1 Depths:2 Depths:3 Depths:4
Abyss: Depths:3 Depths:4
Pandemonium: Depths:2
Ziggurat: Depths:2

Annotations:
Elf:2 1 runed translucent door, exclusion: door, croobank's ghost, adept FeSu
Zot:3 exclusion: downstairs
Zot:4 2 transporters, exclusion: orange crystal statue, Hoptod's ghost, master DsFi; Unkupp's ghost, veteran OnBe; Xeareikh's ghost, veteran DrSh
Zot:5 exclusion: upstairs


Innate Abilities, Weirdness & Mutations

Your life essence is reduced to manifest your ancestor. (-10% HP)
You have very sharp teeth.
Your uncanny sense of smell can sniff out nearby items.
Your experience applies equally to all skills.
Your flesh is cold resistant. (rC+)
Armour fits poorly on your strangely shaped body.
Your muscles are strong. (Str +4, Int/Dex -1)


Message History

Magic restored.
There is a stone staircase leading up here.
You climb upwards.
There is a stone staircase leading down here.
There is a stone staircase leading up here.
You climb upwards.
There is a stone staircase leading down here.
You see here a +0 orcbow.
There is a stone staircase leading up here.
You climb upwards.
There is a stone staircase leading down here.
You swap places.
There is a stone staircase leading up here.
You climb upwards.
There is a stone staircase leading down here.
You see here a +0 club.
There is an open door here.
There is a stone staircase leading up here.
You climb upwards.
There is a stone staircase leading down here.
You swap places.
There is a stone staircase leading up here.
You climb upwards.
There is a stone staircase leading down here.
Unknown command.
Unknown command.
A ynoxinul comes into view.
Nozipho casts a spell at the ynoxinul.
The ynoxinul suddenly stops moving!
Nozipho gestures wildly while chanting.
The ynoxinul resists with almost no effort.
Aiming: Dig
Press: ? - help, Shift-Dir - straight line A rock wall.
This square is covered in magical glow.
The rock shatters into small pieces.
A shadow demon comes into view.
The shadow demon moves out of view.
There is a staircase leading out of the dungeon here.
You have escaped!

##.......#....#...#
##.3.......##.#...#
##........##..#...#
##.......#...##...###
##.......#.####.....#
##.........# #...>.#
.#........### #.....#
...........2###...####
#...##...##.....@....#
#........####.#...####
#..###......#######
#.## ##.###.# #.#
#.....# ### #######


You could see a shadow demon.

Vanquished Creatures
  the Royal Jelly (Slime:5)
  An orb of fire (Zot:5)
  An ancient lich (Crypt:3)
  Mara (Vaults:2)
  2 juggernauts (Depths:3)
  Josephina (Depths:3)
  6 Killer Klowns
  Vashnia (Snake:3)
  A curse toe (Zot:2)
  A caustic shrike (Depths:4)
  2 golden dragons
  3 electric golems
  3 bone dragons
  5 quicksilver dragons
  15 Orb Guardians
  A deep elf blademaster (Elf:3)
  Rupert (Lair:3)
  A walking crystal tome (Depths:3)
  5 tentacled monstrosities
  A walking divine tome (Depths:2)
  4 liches
  A titan (Depths:2)
  A sphinx (Vaults:4)
  10 acid blobs
  2 ancient champions
  8 death cobs
  A thorn hunter (Swamp:4)
  An Executioner (Zot:2)
  14 storm dragons
  4 shadow dragons
  2 tengu reavers
  A draconian monk (Depths:4)
  A nagaraja (Snake:2)
  2 revenants
  Donald (Elf:1)
  7 azure jellies
  3 draconian knights
  4 fire giants
  2 draconian shifters
  2 protean progenitors (Zot:4)
  10 rockslimes
  2 ghost moths
  11 draconian scorchers
  6 vault wardens
  An iron dragon (Vaults:4)
  A balrug (Depths:4)
  3 deep elf sorcerers (Elf:3)
  A frost giant (Depths:2)
  5 deep elf elementalists (Elf:3)
  A ghoul (Crypt:2)
  A reaper (IceCv)
  2 orc warlords
  2 caustic shrike zombies
  A spectral caustic shrike (Depths:3)
  2 spriggan defenders
  2 draconian annihilators (Zot:1)
  7 very ugly things
  7 ironbound thunderhulks
  A caustic shrike skeleton (Crypt:1)
  9 ironbound preservers
  4 formless jellyfish
  6 stone giants
  7 quicksilver oozes
  3 bunyips
  6 green draconians
  13 vampire knights
  4 eleionomae
  3 red draconians
  6 deep elf annihilators (Elf:3)
  2 war gargoyles
  4 yellow draconians
  4 deep elf demonologists
  7 purple draconians
  7 deep elf death magi
  3 spark wasps
  4 black draconians
  10 dire elephants
  3 white draconians
  Azrael (D:15)
  2 crystal guardians
  A shambling mangrove (Swamp:4)
  13 jiangshi
  A fire dragon (Depths:3)
  7 ettins
  2 entropy weavers
  A deep elf high priest (Elf:3)
  Harold (D:11)
  An elf skeleton (Crypt:1)
  7 great orbs of eyes
  6 yaktaur captains
  2 vault guards
  14 hydras
  4 salamander tyrants
  11 anacondas
  3 rakshasas
  A peacekeeper (Vaults:1)
  3 ice dragons
  A ghost crab (Swamp:1)
  7 alligators
  14 centaur warriors
  2 spriggan air magi
  Erica (D:9)
  A death knight (Crypt:2)
  A catoblepas (Vaults:1)
  5 two-headed ogres
  2 spriggan skeletons (Crypt:1)
  4 deep troll shamans
  9 ironbound frosthearts
  4 boulder beetles
  A sphinx skeleton (Depths:3)
  4 vampire magi
  18 dancing weapons
  4 tengu warriors
  12 naga warriors
  3 death yaks (Lair:5)
  3 hell hogs (Depths:3)
  3 spriggan berserkers
  3 deep troll earth magi
  15 deep elf knights
  10 naga sharpshooters
  8 shock serpents
  A storm dragon zombie (Crypt:3)
  An orc high priest (Orc:2)
  4 hell knights (Crypt:3)
  14 skeletal warriors
  10 spriggans
  7 salamander mystics
  A titan skeleton (Crypt:3)
  A skyshark (Lair:4)
  3 iron trolls (Depths:2)
  A shadow wraith (Crypt:2)
  A spark wasp zombie (Crypt:1)
  A quicksilver dragon simulacrum (Depths:1)
  3 goliath frogs
  4 spriggan druids
  A sea snake (Snake:1)
  A death drake (Swamp:4)
  33 deep trolls
  4 glowing orange brains
  6 arcanists
  7 deep elf archers
  7 flayed ghosts
  9 naga ritualists
  10 mana vipers
  5 swamp dragons (Swamp:4)
  12 ironbound convokers
  An orc knight (D:15)
  8 lindwurms
  22 deep elf pyromancers
  An oklob plant (Lair:2)
  15 deep elf zephyrmancers
  6 phantasmal warriors
  11 necromancers
  A broodmother zombie (Crypt:1)
  5 orc sorcerers
  21 salamanders
  3 shining eyes
  5 cyclopes
  2 will-o-the-wisps
  15 moths of wrath
  2 manticores
  27 ugly things
  3 kobold blastminers
  13 vault sentinels
  17 elephants
  A frost giant skeleton (Crypt:2)
  37 black mambas
  5 guardian serpents (Snake:4)
  11 naga magi
  A mana viper zombie (Crypt:1)
  A torpor snail (Swamp:4)
  2 eyes of devastation
  An ice statue (IceCv)
  An orange demon (D:7)
  A dire elephant skeleton (Crypt:1)
  2 gargoyles (D:9)
  2 cane toads
  A centaur skeleton (Crypt:2)
  7 large abominations
  2 spark wasp simulacra (Depths:3)
  3 tengu conjurers
  11 yaktaurs
  2 freezing wraiths
  A tormentor (Zot:3)
  4 komodo dragons
  A yellow draconian skeleton (Crypt:2)
  An ice devil (IceCv)
  2 anaconda simulacra (IceCv)
  A hydra zombie (Crypt:1)
  5 trolls
  2 harpy zombies (Crypt:3)
  5 tyrant leeches
  A golden dragon simulacrum (Depths:3)
  14 hornets
  4 blink frogs
  4 glass eyes
  A harpy skeleton (Crypt:2)
  A fire dragon zombie (Crypt:3)
  3 dream sheep (Lair:4)
  An ettin zombie (Crypt:3)
  68 slime creatures
  A fire dragon skeleton (Crypt:2)
  4 water elementals
  2 wyverns
  2 dire elephant simulacra
  A shadow (D:9)
  37 yaks
  A fire bat (D:8)
  3 wraiths
  5 humans
  7 golden eyes
  5 wargs (Orc:2)
  A fire elemental (D:15)
  2 chaos spawn
  29 nagas
  A redback (Vaults:4)
  9 vampire mosquitoes
  A death yak simulacrum (Orc:1)
  3 harpy simulacra
  12 swamp worms
  2 hydra simulacra (IceCv)
  7 water moccasins
  4 swamp drakes (Swamp:4)
  37 laughing skulls
  12 orc warriors
  A cane toad skeleton (Crypt:2)
  A wolf (Lair:5)
  5 centaurs
  3 ogres (Orc:1)
  A dream sheep skeleton (Crypt:1)
  5 small abominations (Depths:4)
  A phantom (D:6)
  3 elf zombies (Elf:1)
  2 kobold brigands
  8 bullfrogs
  A cane toad simulacrum (IceCv)
  A scorpion (Lair:2)
  2 gnoll sergeants
  5 necrophages
  An earth elemental (Elf:2)
  A draconian skeleton (Crypt:1)
  A wight (D:10)
  A two-headed ogre simulacrum (Orc:1)
  9 hexers
  An elephant simulacrum (IceCv)
  12 killer bees
  3 electric eels
  A howler monkey (D:9)
  2 lava snakes (Lair:3)
  16 orc priests
  A jelly (D:10)
  13 orc wizards
  4 spriggan simulacra (Orc:1)
  A troll simulacrum (Orc:1)
  4 gnolls
  An adder (D:6)
  A naga simulacrum (IceCv)
  A shadow imp (D:7)
  A white imp (D:6)
  An ufetubus (IceCv)
  A jelly zombie (Crypt:1)
  A dart slug (D:1)
  33 orcs
  4 ball pythons
  28 bats
  3 endoplasms
  9 goblins
  4 hobgoblins
  7 jackals
  14 kobolds
  A quokka (D:2)
  A frilled lizard (D:2)
  A hobgoblin skeleton (Crypt:2)
  A jackal skeleton (Crypt:1)
  2 rats
  An aspiring flesh (Zot:2)
1460 creatures vanquished.

Vanquished Creatures (collateral kills)
  A dread lich (Zot:4)
  3 orbs of fire (Zot:5)
  A juggernaut (Depths:4)
  6 Killer Klowns
  3 caustic shrikes
  2 golden dragons
  Jory (Vaults:3)
  A bone dragon (Depths:4)
  2 electric golems
  An Ice Fiend (Depths:1)
  3 liches
  Mlioglotl (Snake:4)
  6 tentacled monstrosities
  2 walking earthen tomes (Depths:3)
  8 Orb Guardians (Zot:5)
  3 deep elf blademasters (Elf:3)
  A titan (Depths:3)
  An ancient champion (Crypt:1)
  A deep elf master archer (Elf:3)
  6 quicksilver dragons
  2 sphinxes
  13 acid blobs
  5 death cobs
  2 thorn hunters
  3 revenants
  5 shadow dragons
  5 storm dragons
  2 azure jellies (Slime:4)
  A protean progenitor (Zot:2)
  A nagaraja (Snake:2)
  Aizul (Snake:3)
  A draconian monk (Zot:4)
  4 rockslimes
  5 deep elf sorcerers (Elf:3)
  4 fire giants
  4 frost giants
  The ghost of hikkokomori the Brawler, a journeyman TrFi of Hepliaklqana (Orc:2)
  2 draconian shifters (Zot:4)
  2 vault wardens
  3 draconian scorchers
  3 ghost moths
  2 caustic shrike zombies (Crypt:1)
  4 deep elf elementalists (Elf:3)
  A reaper (Depths:4)
  A ghoul (Crypt:1)
  3 draconian stormcallers
  2 curse skulls (Crypt:2)
  2 draconian annihilators
  4 stone giants
  4 very ugly things
  A spectral caustic shrike (Depths:3)
  8 ironbound preservers
  3 quicksilver oozes
  5 deep elf demonologists
  4 formless jellyfish
  An ironbound thunderhulk (Vaults:4)
  5 vampire knights
  2 deep elf death magi
  5 deep elf annihilators (Elf:3)
  4 war gargoyles (Crypt:3)
  3 dire elephants (Vaults:2)
  5 green draconians
  2 purple draconians
  9 white draconians
  2 yellow draconians (Zot:4)
  3 black draconians
  A spark wasp (Depths:2)
  5 red draconians
  4 ettins
  4 crystal guardians
  A green death (Depths:3)
  A shambling mangrove (Swamp:4)
  2 fire dragons (Depths:2)
  2 yaktaur captains
  A deep elf high priest (Elf:3)
  Fannar (Lair:1)
  8 jiangshi
  4 ice dragons
  6 great orbs of eyes
  3 rakshasas
  A ghost crab (Swamp:4)
  A hell beast (Depths:1)
  A juggernaut simulacrum (Crypt:2)
  6 hydras
  6 ironbound frosthearts
  A spriggan air mage (Depths:4)
  A catoblepas (Lair:5)
  A peacekeeper (Vaults:2)
  A salamander tyrant (Depths:1)
  2 vault guards
  3 anacondas
  4 alligators
  A death yak (Lair:5)
  A boulder beetle (Zot:4)
  8 centaur warriors
  2 two-headed ogres
  A vampire mage (Swamp:2)
  24 dancing weapons
  3 spriggan berserkers
  A fenstrider witch skeleton (Crypt:1)
  4 naga warriors (Snake:4)
  4 deep troll shamans (Depths:2)
  3 naga sharpshooters (Snake:3)
  6 deep troll earth magi
  3 hell knights
  6 deep elf knights
  An emperor scorpion zombie (Crypt:2)
  2 shock serpents (Snake:4)
  3 orc high priests (Orc:2)
  A titan skeleton (Crypt:1)
  4 iron trolls
  A salamander mystic (Snake:4)
  9 skeletal warriors
  An anaconda zombie (Crypt:3)
  A goliath frog (Swamp:1)
  A sea snake (Snake:1)
  2 skysharks (Lair:3)
  A shadow wraith (Crypt:2)
  4 mana vipers
  A storm dragon skeleton (Crypt:1)
  24 deep trolls
  2 arcanists
  2 glowing orange brains (shapeshifter)
  A flayed ghost (Crypt:2)
  A bunyip zombie (Crypt:1)
  3 deep elf archers
  A bog body (Lair:2)
  2 spriggan druids
  A phantasmal warrior (Crypt:1)
  3 glowing orange brains
  5 ironbound convokers
  2 naga ritualists
  6 lindwurms
  10 deep elf pyromancers
  6 swamp dragons
  An orc knight (Bailey)
  A necromancer (Depths:3)
  5 orc sorcerers
  17 ugly things
  An anaconda skeleton (Crypt:1)
  7 deep elf zephyrmancers
  2 will-o-the-wisps
  5 shining eyes
  3 cyclopes
  11 moths of wrath
  3 salamanders
  11 elephants
  A fire giant skeleton (Depths:3)
  A centaur zombie (Crypt:3)
  2 naga magi
  An ice statue (IceCv)
  15 black mambas
  2 kobold blastminers
  A smoke demon (Depths:2)
  3 vault sentinels
  2 guardian serpents (Snake:4)
  A gargoyle (D:10)
  7 cane toads
  A torpor snail (Lair:1)
  A centaur skeleton (Crypt:1)
  3 unseen horrors
  A rime drake (Lair:1)
  5 komodo dragons
  An orb spider zombie (Crypt:1)
  3 ice devils (IceCv)
  2 freezing wraiths
  An anaconda simulacrum (IceCv)
  A harpy zombie (Crypt:3)
  A tormentor (Depths:1)
  2 bloated husks
  2 hydra zombies
  A catoblepas skeleton (Crypt:1)
  A polar bear (Lair:2)
  2 trolls
  4 tyrant leeches
  6 hornets
  A fire dragon zombie (Crypt:3)
  4 glass eyes
  A harpy skeleton (Crypt:2)
  6 dream sheep
  Grinder (D:4)
  5 blink frogs
  An ettin skeleton (Crypt:1)
  An ettin zombie (Crypt:2)
  48 slime creatures
  4 spriggans
  8 wraiths
  7 water elementals
  A spriggan (shapeshifter) (D:15)
  2 air elementals
  A jumping spider (Vaults:4)
  A black mamba skeleton (Crypt:1)
  A dire elephant simulacrum (IceCv)
  3 wyverns
  18 yaks
  Eustachio (D:5)
  5 fire elementals
  A human (D:14)
  2 wargs (Orc:2)
  11 fire bats (D:8)
  3 chaos spawn
  A glowing shapeshifter zombie (Depths:3)
  11 nagas
  9 swamp worms
  A harpy simulacrum (Crypt:1)
  An acid dragon (D:11)
  A two-headed ogre skeleton (Crypt:3)
  8 water moccasins
  A glowing shapeshifter skeleton (Depths:3)
  A hydra simulacrum (IceCv)
  3 black bears
  12 laughing skulls
  5 swamp drakes
  An ice beast (D:6)
  8 orc warriors
  2 small abominations (Depths:4)
  3 wolves (Lair:5)
  A swamp dragon zombie (Crypt:1)
  3 centaurs
  3 ogres
  An elf zombie (Elf:1)
  A kobold brigand (D:9)
  4 bullfrogs
  2 earth elementals (Elf:1)
  3 necrophages
  A two-headed ogre simulacrum (Orc:1)
  7 scorpions
  A shapeshifter zombie (Crypt:2)
  A cyclops skeleton (Crypt:1)
  An elephant simulacrum (IceCv)
  12 killer bees
  A howler monkey (D:7)
  2 lava snakes (Lair:3)
  A bombardier beetle (D:7)
  2 hounds
  2 jellies (D:10)
  7 orc priests
  A gnoll bouda (D:5)
  5 iguanas
  An iron imp (D:15)
  16 orc wizards
  A spriggan simulacrum (IceCv)
  11 gnolls
  8 adders
  A shadow imp (D:5)
  3 white imps
  A dart slug (D:1)
  3 ribbon worms
  45 orcs
  2 endoplasms (D:4)
  A giant cockroach (D:2)
  3 goblins
  4 hobgoblins
  A jackal (D:2)
  3 quokkas
  2 ball pythons
  52 bats
  A frilled lizard (D:2)
  14 kobolds
  A rat (D:2)
  An aspiring flesh (Zot:2)
  A foxfire (Lair:1)
1030 creatures vanquished.

Vanquished Creatures (others)
  A draconian scorcher (Zot:5)
  A draconian stormcaller (Zot:2)
  A draconian annihilator (Zot:2)
  A white draconian (Zot:1)
  A red draconian (Zot:3)
  An alligator (Swamp:3)
  2 deep troll earth magi
  A spriggan simulacrum (Depths:3)
  A deep elf zephyrmancer (Elf:3)
  A deep elf archer (Elf:1)
  A deep elf pyromancer (Elf:2)
  A titan simulacrum (Depths:3)
  A tengu conjurer (Depths:1)
  2 orc wizards (Orc:2)
  92 hexers
  74 blazeheart cores
  236 foxfires
418 creatures vanquished.

Grand Total: 2908 creatures vanquished

Notes
Turn   | Place    | Note
-------+----------+-------------------------------------------
     0 | D:1      | jestert79 the Gnoll Wanderer began the quest for the Orb.
     0 | D:1      | jestert79 set off with the following items: a +0 mace, a +0
                  | pair of gloves, a scroll of butterflies, a +0 robe; and the
                  | following spell memorised: Summon Small Mammal; and the
                  | following spells available to memorise: Call Imp, Call
                  | Canine Familiar.
     0 | D:1      | Reached XP level 1. HP: 17/17 MP: 6/6
    69 | D:1      | Found Oseful's Magic Scroll Shoppe.
    77 | D:1      | Reached XP level 2. HP: 23/23 MP: 4/7
   261 | D:1      | Reached skill level 5 in Spellcasting
   261 | D:1      | Reached XP level 3. HP: 7/28 MP: 6/9
   384 | D:1      | Learned a level 2 spell: Call Imp
   563 | D:1      | Bought a scroll of noise for 13 gold pieces
   563 | D:1      | Bought a scroll of identify for 26 gold pieces
   563 | D:1      | Bought a scroll of identify for 26 gold pieces
   764 | D:2      | Learned a level 3 spell: Call Canine Familiar
   891 | D:2      | Reached skill level 1 in Short Blades
   891 | D:2      | Reached skill level 1 in Long Blades
   891 | D:2      | Reached skill level 1 in Axes
   891 | D:2      | Reached skill level 1 in Polearms
   891 | D:2      | Reached skill level 1 in Staves
   891 | D:2      | Reached skill level 1 in Ranged Weapons
   891 | D:2      | Reached skill level 1 in Throwing
   891 | D:2      | Reached skill level 1 in Armour
   891 | D:2      | Reached skill level 1 in Dodging
   891 | D:2      | Reached skill level 1 in Shields
   891 | D:2      | Reached skill level 1 in Unarmed Combat
   891 | D:2      | Reached skill level 1 in Evocations
  1029 | D:2      | Reached skill level 1 in Shapeshifting
  1029 | D:2      | Reached XP level 4. HP: 34/34 MP: 8/11
  1595 | D:3      | Reached skill level 1 in Conjurations
  1595 | D:3      | Reached skill level 1 in Hexes
  1595 | D:3      | Reached skill level 1 in Necromancy
  1595 | D:3      | Reached skill level 1 in Translocations
  1595 | D:3      | Reached skill level 1 in Fire Magic
  1595 | D:3      | Reached skill level 1 in Ice Magic
  1595 | D:3      | Reached skill level 1 in Air Magic
  1595 | D:3      | Reached skill level 1 in Earth Magic
  1595 | D:3      | Reached skill level 1 in Alchemy
  1601 | D:3      | Found a faded altar of an unknown god.
  1605 | D:3      | Got Plato's Octavo of Cinders
  1631 | D:3      | Learned a level 1 spell: Foxfire
  2009 | D:3      | Reached skill level 3 in Invocations
  2151 | D:3      | Prayed at the altar of an unknown god.
  2151 | D:3      | Became a worshipper of Hepliaklqana the Forgotten
  2151 | D:3      | Reached * piety under Hepliaklqana
  2354 | D:4      | Noticed a black bear
  2366 | D:4      | Killed a black bear
  2367 | D:4      | Reached XP level 5. HP: 36/36 MP: 10/12
  2391 | D:4      | Reached XP level 6. HP: 42/42 MP: 14/14
  2941 | D:4      | Found an iron altar of Okawaru.
  2998 | D:4      | Reached ** piety under Hepliaklqana
  2999 | D:4      | Remembered your ancestor Nozipho as a hexer
  3016 | D:4      | Reached XP level 7. HP: 46/46 MP: 13/15
  3058 | D:4      | Noticed Grinder
  3136 | D:4      | Killed Grinder
  3137 | D:4      | Reached skill level 5 in Stealth
  3137 | D:4      | Reached skill level 4 in Invocations
  3439 | D:5      | Entered Level 5 of the Dungeon
  3503 | D:5      | Noticed Eustachio
  3542 | D:5      | Killed Eustachio
  3543 | D:5      | Reached XP level 8. HP: 51/54 MP: 16/16
  4064 | D:6      | Found a staircase to the Ecumenical Temple.
  4071 | D:6      | Found Esotagoz's Neck Hole.
  4248 | D:6      | Bought a +0 cloak for 54 gold pieces
  4289 | D:6      | Reached skill level 5 in Invocations
  4361 | D:6      | Reached XP level 9. HP: 60/60 MP: 18/18
  4449 | D:6      | Found an opulent altar of Gozag.
  4567 | D:6      | Found a blossoming altar of Fedhas.
  4877 | D:1      | Bought a scroll of poison for 52 gold pieces
  4877 | D:1      | Bought a scroll of teleportation for 39 gold pieces
  5124 | D:7      | Found Burchuwo's Assorted Antiques.
  5138 | D:7      | Reached skill level 5 in Fighting
  5138 | D:7      | Reached skill level 5 in Maces & Flails
  5146 | D:7      | Bought a sapphire potion for 21 gold pieces
  5146 | D:7      | Bought a scroll labelled MYGHEUXANN for 24 gold pieces
  5221 | D:7      | Found a snail-covered altar of Cheibriados.
  5387 | D:7      | Reached *** piety under Hepliaklqana
  5387 | D:7      | Found a flagged portal.
  5396 | Bailey   | Entered a bailey
  5488 | Bailey   | Learned a level 3 spell: Stone Arrow
  5492 | Bailey   | Noticed an orc warlord
  5774 | Bailey   | Found a runed translucent gate.
  5776 | Bailey   | Found a runed translucent gate.
  5778 | Bailey   | Found a runed translucent gate.
  5816 | Bailey   | Noticed an orc knight
  5904 | Bailey   | Killed an orc knight
  6388 | Bailey   | Killed an orc warlord
  6389 | Bailey   | Reached skill level 5 in Short Blades
  6389 | Bailey   | Reached skill level 5 in Long Blades
  6389 | Bailey   | Reached skill level 5 in Axes
  6389 | Bailey   | Reached skill level 5 in Polearms
  6389 | Bailey   | Reached skill level 5 in Staves
  6389 | Bailey   | Reached skill level 5 in Ranged Weapons
  6389 | Bailey   | Reached skill level 5 in Throwing
  6389 | Bailey   | Reached skill level 5 in Armour
  6389 | Bailey   | Reached skill level 5 in Dodging
  6389 | Bailey   | Reached skill level 5 in Shields
  6389 | Bailey   | Reached skill level 5 in Unarmed Combat
  6389 | Bailey   | Reached skill level 6 in Invocations
  6389 | Bailey   | Reached skill level 5 in Evocations
  6389 | Bailey   | Reached XP level 10. HP: 68/68 MP: 20/20
  6429 | Bailey   | Got the Papyrus of Hyperbolic Erosion
  6434 | Bailey   | Acquired the ring "Hesm" {rPois Int+3}
  6472 | D:7      | Noticed a two-headed ogre
  6480 | D:7      | Killed a two-headed ogre
  6827 | D:8      | Found Ylomah's Book Shoppe.
  7143 | D:8      | Found Amuonyl's Assorted Antiques.
  7154 | D:8      | Bought a scroll labelled RALIEL RURRON for 17 gold pieces
  7207 | D:8      | Reached skill level 5 in Shapeshifting
  7234 | D:8      | Found Mirinuw's Antique Armour Shop.
  7335 | D:8      | Found Paifez's Weapon Boutique.
  7393 | D:8      | Found a bloodstained altar of Trog.
  7548 | D:8      | Found Abyedot's Book Boutique.
  7565 | D:8      | Noticed a cyclops
  7763 | D:8      | Killed a cyclops
  7932 | D:8      | Learned a level 4 spell: Summon Blazeheart Golem
  7963 | D:8      | Found a broken altar of Ashenzari.
  8001 | D:8      | Reached skill level 7 in Invocations
  8032 | D:8      | Reached skill level 5 in Conjurations
  8032 | D:8      | Reached skill level 5 in Hexes
  8032 | D:8      | Reached skill level 5 in Necromancy
  8032 | D:8      | Reached skill level 5 in Translocations
  8032 | D:8      | Reached skill level 5 in Fire Magic
  8032 | D:8      | Reached skill level 5 in Ice Magic
  8032 | D:8      | Reached skill level 5 in Air Magic
  8032 | D:8      | Reached skill level 5 in Earth Magic
  8032 | D:8      | Reached skill level 5 in Alchemy
  8032 | D:8      | Reached XP level 11. HP: 45/74 MP: 22/22
  8170 | D:8      | Found a shimmering altar of Xom.
  8420 | D:8      | Found a runed translucent door.
  8435 | D:8      | Noticed a flayed ghost
  8451 | D:8      | Found a shadowy altar of Dithmenos.
  8455 | D:8      | Found a broken altar of Ashenzari.
  8494 | D:8      | Found a bloodstained altar of Trog.
  8574 | D:8      | Found a blossoming altar of Fedhas.
  8618 | D:8      | Killed a flayed ghost
  8873 | D:9      | Noticed a two-headed ogre
  8884 | D:9      | Killed a two-headed ogre
  9227 | D:9      | Noticed a cyclops
  9235 | D:9      | Noticed a two-headed ogre
  9241 | D:9      | Killed a two-headed ogre
  9242 | D:9      | Reached skill level 8 in Invocations
  9265 | D:9      | Killed a cyclops
  9295 | D:9      | Noticed a two-headed ogre
  9301 | D:9      | Noticed a tengu warrior
  9306 | D:9      | Killed a two-headed ogre
  9307 | D:9      | Noticed a red ugly thing
  9312 | D:9      | Reached XP level 12. HP: 53/81 MP: 24/24
  9313 | D:9      | Killed a tengu warrior
  9784 | D:9      | Noticed Erica
  9795 | D:9      | Killed Erica
 10067 | D:9      | Found a staircase to the Lair.
 10249 | Lair:1   | Entered Level 1 of the Lair of Beasts
 10343 | Lair:1   | Noticed Fannar
 10354 | Lair:1   | Killed Fannar
 10436 | Lair:1   | Reached skill level 9 in Invocations
 10539 | Lair:1   | Reached **** piety under Hepliaklqana
 10654 | D:8      | Bought a book of Spontaneous Combustion for 532 gold pieces
 10660 | D:8      | Learned a level 5 spell: Irradiate
 10829 | Lair:1   | Reached XP level 13. HP: 70/89 MP: 24/26
 11643 | D:1      | Bought a scroll of identify for 26 gold pieces
 12116 | Lair:2   | You fall into a shaft and drop 1 floor!
 12189 | Lair:2   | Found a staircase to the Swamp.
 12672 | Lair:3   | Noticed Rupert
 12712 | Lair:3   | Learned a level 4 spell: Martyr's Knell
 12750 | Lair:3   | Killed Rupert
 12751 | Lair:3   | Reached skill level 10 in Spellcasting
 13143 | Lair:3   | Reached ***** piety under Hepliaklqana
 13271 | Lair:3   | Found a staircase to the Snake Pit.
 13282 | Lair:3   | Reached skill level 10 in Invocations
 13921 | D:8      | Bought a pair of glowing gloves for 232 gold pieces
 14336 | Lair:4   | Reached skill level 10 in Stealth
 14424 | Lair:4   | Reached XP level 14. HP: 95/97 MP: 28/28
 14969 | Lair:5   | Entered Level 5 of the Lair of Beasts
 15173 | Lair:5   | Learned a level 5 spell: Borgnjor's Vile Clutch
 15771 | Lair:5   | Reached skill level 10 in Fighting
 15771 | Lair:5   | Reached skill level 10 in Maces & Flails
 15922 | Lair:5   | Found a runed translucent door.
 15922 | Lair:5   | Noticed an acid blob
 15926 | Lair:5   | Found a staircase to the Slime Pits.
 15926 | Lair:5   | Noticed an acid blob
 16556 | Lair:5   | Reached skill level 11 in Invocations
 16657 | Lair:5   | Identified the +0 robe of Indomitability {Str+4 Slay+3}
 16672 | Lair:5   | Identified the +1 war axe of the Endless Expanse {venom,
                  | rCorr Str+5}
 16960 | D:10     | Entered Level 10 of the Dungeon
 16988 | D:10     | Reached skill level 10 in Summonings
 17024 | D:10     | Found a viscous altar of Jiyva.
 17184 | D:10     | Learned a level 4 spell: Dispel Undead
 17690 | D:11     | Found a staircase to the Orcish Mines.
 17695 | D:11     | Found Demoill's Weapon Shop.
 18002 | D:11     | Noticed Harold
 18021 | D:11     | Reached skill level 10 in Short Blades
 18021 | D:11     | Reached skill level 10 in Long Blades
 18021 | D:11     | Reached skill level 10 in Axes
 18021 | D:11     | Reached skill level 10 in Polearms
 18021 | D:11     | Reached skill level 10 in Staves
 18021 | D:11     | Reached skill level 10 in Ranged Weapons
 18021 | D:11     | Reached skill level 10 in Throwing
 18021 | D:11     | Reached skill level 10 in Armour
 18021 | D:11     | Reached skill level 10 in Dodging
 18021 | D:11     | Reached skill level 10 in Shields
 18021 | D:11     | Reached skill level 10 in Unarmed Combat
 18021 | D:11     | Reached skill level 10 in Evocations
 18048 | D:11     | Killed Harold
 18386 | D:11     | Reached ****** piety under Hepliaklqana
 18441 | Orc:1    | Entered Level 1 of the Orcish Mines
 18471 | Orc:1    | Found a frozen archway.
 18500 | Orc:1    | Reached XP level 15. HP: 103/105 MP: 19/30
 18556 | IceCv    | Entered an ice cave
 19262 | IceCv    | Got the Incunable of Rime
 19345 | IceCv    | Learned a level 3 spell: Ozocubu's Armour
 19390 | Orc:1    | Noticed an orc warlord
 19404 | Orc:1    | Killed an orc warlord
 19630 | Orc:2    | Entered Level 2 of the Orcish Mines
 19948 | Orc:1    | You fall into a shaft and drop 1 floor!
 20031 | Orc:2    | Noticed hikkokomori's ghost (journeyman TrFi)
 20038 | Orc:2    | Found a runed translucent door.
 20872 | Orc:2    | Found a staircase to the Elven Halls.
 21055 | Orc:2    | Found Ymuyxe's Jewellery Shop.
 21210 | Orc:2    | Found Enodghome's Jewellery Shop.
 21211 | Orc:2    | Found Zusaghune's Distillery.
 21286 | Orc:2    | Bought a potion of heal wounds for 70 gold pieces
 21568 | Orc:2    | Killed hikkokomori's ghost
 21776 | D:8      | Bought a book of Scorching for 390 gold pieces
 21790 | D:8      | Bought the Octavo of the Frigid Inferno for 588 gold pieces
 23142 | D:13     | Reached skill level 12 in Invocations
 23822 | D:14     | Reached skill level 10 in Shapeshifting
 24097 | D:14     | Found a gate to the Vaults.
 24168 | D:14     | Reached XP level 16. HP: 102/112 MP: 27/32
 24174 | D:14     | Learned a level 5 spell: Freezing Cloud
 24857 | D:15     | Entered Level 15 of the Dungeon
 24879 | D:15     | Noticed Azrael
 24882 | D:15     | Killed Azrael
 26435 | D:15     | Found a staircase to the Depths.
 26769 | Snake:1  | Entered Level 1 of the Snake Pit
 27966 | Snake:1  | You fall into a shaft and drop 1 floor!
 27966 | Snake:2  | Found a shimmering blue altar of Sif Muna.
 28627 | Snake:2  | Reached skill level 13 in Invocations
 28627 | Snake:2  | Reached XP level 17. HP: 110/119 MP: 20/33
 29052 | Snake:2  | Reached skill level 10 in Conjurations
 29052 | Snake:2  | Reached skill level 10 in Hexes
 29052 | Snake:2  | Reached skill level 10 in Necromancy
 29052 | Snake:2  | Reached skill level 10 in Translocations
 29052 | Snake:2  | Reached skill level 10 in Fire Magic
 29052 | Snake:2  | Reached skill level 10 in Ice Magic
 29052 | Snake:2  | Reached skill level 10 in Air Magic
 29052 | Snake:2  | Reached skill level 10 in Earth Magic
 29052 | Snake:2  | Reached skill level 10 in Alchemy
 31152 | Snake:3  | Noticed Vashnia
 31492 | Snake:3  | Killed Vashnia
 31858 | Snake:3  | Identified the serpent talisman of Foexasaly {Str+2 Int+4
                  | Dex+7}
 31858 | Snake:3  | Noticed Aizul
 31866 | Snake:3  | Killed Aizul
 32833 | Snake:4  | Entered Level 4 of the Snake Pit
 33706 | Snake:4  | Reached XP level 18. HP: 127/127 MP: 28/35
 33987 | Snake:4  | Noticed Mlioglotl
 34004 | Snake:4  | Killed Mlioglotl
 35012 | Snake:4  | Reached skill level 14 in Invocations
 36142 | Snake:4  | Got a serpentine rune of Zot
 36631 | Swamp:1  | Entered Level 1 of the Swamp
 37280 | Swamp:1  | Noticed a tentacled monstrosity
 37292 | Swamp:1  | Killed a tentacled monstrosity
 38087 | Swamp:2  | Upgraded the game from 0.32-a0-136-gc02482bde3 to
                  | 0.32-a0-163-g159c032296
 38270 | Swamp:2  | Learned a level 6 spell: Summon Cactus Giant
 38788 | Swamp:2  | Identified the amulet "Faplegg" {Faith +Blink Str+3}
 39090 | Swamp:3  | Reached XP level 19. HP: 123/135 MP: 30/37
 39286 | Swamp:3  | Identified the +6 lajatang of Defiance {pain, +Blink}
 39599 | Swamp:3  | Learned a level 6 spell: Dispersal
 39600 | Swamp:4  | Entered Level 4 of the Swamp
 40354 | Swamp:4  | Got a decaying rune of Zot
 40622 | Swamp:4  | Identified the +1 spear of Luafouso {vamp, rCorr Dex+3}
 40626 | Swamp:4  | Identified the +5 short sword of Dissolution {flame, rPois
                  | rCorr Str+6 Stlth-}
 40937 | Vaults:1 | Entered Level 1 of the Vaults
 40941 | Vaults:1 | Reached skill level 15 in Invocations
 42187 | Vaults:1 | Found Uxzadu Ostrok's Antique Weapon Boutique.
 42448 | Vaults:1 | Reached XP level 20. HP: 143/143 MP: 31/38
 43013 | Vaults:1 | Got the Directory of Remains
 43262 | Vaults:1 | Identified the +0 ring mail of Xom's Outrage {rPois rF+ rN+
                  | Stlth+}
 43862 | Vaults:2 | Found Wyun's Armour Boutique.
 43870 | Vaults:2 | Bought a +1 pair of boots of stealth for 346 gold pieces
 43890 | Vaults:2 | Found Oddahoan's Distillery.
 43895 | Vaults:2 | Bought a potion of heal wounds for 65 gold pieces
 43902 | Vaults:2 | You fall into a shaft and drop 2 floors!
 44120 | Vaults:4 | Reached skill level 15 in Spellcasting
 44230 | Vaults:3 | Found a flickering gateway to a bazaar.
 44250 | Bazaar   | Entered a bazaar
 44254 | Bazaar   | Found Peas's Magic Scroll Boutique.
 44272 | Bazaar   | Found Umaorghob's Antique Armour Emporium.
 44285 | Bazaar   | Found Duedosmo's Weapon Boutique.
 44302 | Bazaar   | Found Tash's Antique Weapon Shoppe.
 44328 | Bazaar   | Bought a scroll of revelation for 82 gold pieces
 44328 | Bazaar   | Bought a scroll of revelation for 82 gold pieces
 44343 | Bazaar   | Bought a glowing helmet for 247 gold pieces
 44364 | Bazaar   | Bought a scroll of fear for 44 gold pieces
 44422 | Vaults:3 | Found Runempeq's Jewellery Shop.
 44439 | Vaults:3 | Bought a ring of resist corrosion for 280 gold pieces
 44707 | Vaults:2 | Noticed Mara
 44714 | Vaults:2 | Noticed jestert79's illusion
 44721 | Vaults:2 | Killed Mara
 45005 | Vaults:2 | Found Xeymuetzufra's General Store.
 45013 | Vaults:2 | Bought a potion of heal wounds for 75 gold pieces
 45450 | Vaults:2 | Reached skill level 15 in Stealth
 45513 | Vaults:2 | Found Ufivoa's Distillery.
 45521 | Vaults:2 | Bought a potion of haste for 110 gold pieces
 45521 | Vaults:2 | Bought a potion of haste for 110 gold pieces
 46010 | Vaults:2 | Learned a level 5 spell: Yara's Violent Unravelling
 46565 | D:1      | Bought a scroll of teleportation for 39 gold pieces
 46565 | D:1      | Bought a scroll of enchant armour for 97 gold pieces
 47026 | Vaults:2 | Reached skill level 16 in Invocations
 47291 | Vaults:2 | Reached XP level 21. HP: 72/150 MP: 40/40
 47711 | Vaults:3 | Noticed Jory
 47770 | Vaults:3 | Killed Jory
 47895 | Vaults:3 | Found a staircase to the Crypt.
 49201 | Vaults:4 | Reached skill level 15 in Fighting
 49201 | Vaults:4 | Reached skill level 15 in Maces & Flails
 50940 | Vaults:4 | Reached skill level 15 in Short Blades
 50940 | Vaults:4 | Reached skill level 15 in Long Blades
 50940 | Vaults:4 | Reached skill level 15 in Axes
 50940 | Vaults:4 | Reached skill level 15 in Polearms
 50940 | Vaults:4 | Reached skill level 15 in Staves
 50940 | Vaults:4 | Reached skill level 15 in Ranged Weapons
 50940 | Vaults:4 | Reached skill level 15 in Throwing
 50940 | Vaults:4 | Reached skill level 15 in Armour
 50940 | Vaults:4 | Reached skill level 15 in Dodging
 50940 | Vaults:4 | Reached skill level 15 in Shields
 50940 | Vaults:4 | Reached skill level 15 in Unarmed Combat
 50940 | Vaults:4 | Reached skill level 15 in Evocations
 51821 | Depths:1 | Entered Level 1 of the Depths
 53101 | Depths:1 | Found a gateway to Hell.
 53359 | Depths:1 | Noticed a bone dragon
 53370 | Depths:1 | Killed a bone dragon
 54051 | Depths:2 | Reached XP level 22. HP: 158/158 MP: 24/42
 54424 | Depths:2 | Found a one-way gate leading to the halls of Pandemonium.
 54609 | Depths:2 | Found a one-way gateway to a ziggurat.
 54968 | Depths:2 | Found an iron altar of Okawaru.
 54995 | Depths:2 | Reached skill level 17 in Invocations
 55446 | Depths:2 | Noticed a caustic shrike
 55456 | Depths:2 | Killed a caustic shrike
 55487 | Depths:2 | Identified the +0 robe "Sariz" {rF+ rC+ Int+5}
 55716 | Depths:2 | Identified the ring "Ytybacri" {rC+ rCorr Int-4 Dex+6}
 55719 | Depths:2 | Identified the +2 trident of Cocytus {heavy, rF+ rC++}
 55856 | Depths:3 | Identified the ring "Fuibes" {Ice *Corrode rElec Int+7
                  | Stlth+}
 55856 | Depths:3 | Noticed Josephina
 56086 | D:8      | Bought a book of Hexes for 504 gold pieces
 56406 | Depths:3 | Found an ornate altar of the Wu Jian Council.
 56466 | Depths:3 | Found a glowing golden altar of the Shining One.
 57061 | Depths:3 | Killed Josephina
 57201 | Depths:3 | Found a one-way gate to the infinite horrors of the Abyss.
 57833 | Depths:3 | Noticed a juggernaut
 57846 | Depths:3 | Killed a juggernaut
 58098 | Depths:3 | Identified the ring of Vechom {Will+ Slay+2}
 58230 | Depths:3 | Identified the ring of Desm {rElec MP+9}
 58410 | Depths:3 | Identified the +8 plate armour of Activism {rElec rCorr}
 58513 | Depths:3 | Identified the ring "Noapecee" {rPois rN+ Str+3 Dex+2}
 58583 | Depths:3 | Noticed a juggernaut
 59124 | Depths:3 | Killed a juggernaut
 59192 | Depths:3 | Noticed a golden dragon
 59204 | Depths:3 | Killed a golden dragon
 59423 | Depths:3 | Reached XP level 23. HP: 165/165 MP: 24/43
 59452 | Depths:3 | Learned a level 7 spell: Enfeeble
 59484 | Depths:3 | Got the Lessons on Fermentation
 59683 | Depths:4 | Entered Level 4 of the Depths
 59683 | Depths:4 | Noticed a juggernaut
 59823 | Depths:4 | Noticed a caustic shrike
 59832 | Depths:4 | Killed a caustic shrike
 59869 | Depths:4 | Noticed a caustic shrike
 59914 | Depths:4 | Noticed a caustic shrike
 59948 | Depths:4 | Killed a caustic shrike
 60229 | Depths:4 | Killed a juggernaut
 60473 | Depths:4 | Killed a caustic shrike
 61758 | Depths:4 | Identified the +9 mace of Butchery {freeze, rN+ Str+5
                  | Dex-4}
 62404 | Depths:4 | Reached skill level 15 in Shapeshifting
 62595 | Depths:4 | Found a gate to the Realm of Zot.
 62882 | Elf:1    | Entered Level 1 of the Elven Halls
 63405 | Elf:1    | Got the Excursus on Profane Mysteries
 64447 | Elf:1    | Noticed Donald
 64463 | Elf:1    | Killed Donald
 64593 | Elf:2    | Found a runed translucent door.
 64594 | Elf:2    | Noticed croobank's ghost (adept FeSu)
 64667 | Elf:2    | Reached skill level 18 in Invocations
 65053 | Elf:2    | Reached skill level 15 in Summonings
 65623 | Elf:3    | Entered Level 3 of the Elven Halls
 66393 | Elf:3    | Found Deemp's Antique Weapon Shop.
 66532 | Elf:3    | Identified the +2 robe of Nuggodua {rC- Str+2 Dex+5}
 66540 | Elf:3    | Reached XP level 24. HP: 173/173 MP: 27/44
 66713 | Elf:3    | Identified the +0 robe "Tuohih Jost" {^Contam rF++ Str+2}
 66888 | Elf:3    | Identified the ring of the Slashing Gods {*Slow rElec Str+6
                  | Int+3}
 67214 | Elf:3    | Identified the +4 war axe of Benevolence {flame, Stlth+}
 68112 | Elf:3    | Got the Textbook on Momentum
 68118 | Elf:3    | Identified the staff "Oczyecam" {rElec Int+2 Summ Air
                  | Alchemy}
 68149 | Elf:3    | Identified the +0 plate armour of Justet {Int+7}
 68174 | Elf:3    | Identified the +9 chain mail of Slimy Music {Str+4 Dex+3}
 68555 | Elf:2    | Found a runed translucent gate.
 68555 | Elf:2    | Found a runed translucent gate.
 68555 | Elf:2    | Found a runed translucent gate.
 70304 | Crypt:1  | Entered Level 1 of the Crypt
 70710 | Crypt:1  | Paralysed by a vampire knight for 5 turns
 71203 | Crypt:1  | Reached XP level 25. HP: 179/180 MP: 22/44
 71245 | Crypt:1  | Identified the serpent talisman of Idealism {Fly Will+
                  | Dex+2}
 71541 | Crypt:1  | Got the Handbook of Wicked Deeds and Hyperthermia
 72744 | Crypt:2  | Reached skill level 19 in Invocations
 73633 | Crypt:2  | Found a huge runed translucent gate.
 73633 | Crypt:2  | Found a huge runed translucent gate.
 73633 | Crypt:2  | Found a huge runed translucent gate.
 73634 | Crypt:2  | Found a huge runed translucent gate.
 73634 | Crypt:2  | Found a huge runed translucent gate.
 73635 | Crypt:2  | Found a huge runed translucent gate.
 73635 | Crypt:2  | Found a huge runed translucent gate.
 73637 | Crypt:2  | Found a huge runed translucent gate.
 73637 | Crypt:2  | Found a huge runed translucent gate.
 74025 | Crypt:2  | Identified the +1 robe of the Robin {rCorr Int+5}
 74050 | Crypt:3  | Entered Level 3 of the Crypt
 74302 | Crypt:3  | Reached skill level 15 in Conjurations
 74302 | Crypt:3  | Reached skill level 15 in Hexes
 74302 | Crypt:3  | Reached skill level 15 in Necromancy
 74302 | Crypt:3  | Reached skill level 15 in Translocations
 74302 | Crypt:3  | Reached skill level 15 in Fire Magic
 74302 | Crypt:3  | Reached skill level 15 in Ice Magic
 74302 | Crypt:3  | Reached skill level 15 in Air Magic
 74302 | Crypt:3  | Reached skill level 15 in Earth Magic
 74302 | Crypt:3  | Reached skill level 15 in Alchemy
 74338 | Crypt:3  | Found a staircase to the Tomb.
 74977 | Crypt:3  | Learned a level 7 spell: Orb of Destruction
 75270 | Crypt:3  | Identified the staff of the Insatiable People {rC+ rN+
                  | Necro}
 75673 | Crypt:3  | Found a basalt altar of Yredelemnul.
 75676 | Crypt:3  | Noticed an ancient lich
 75690 | Crypt:3  | Killed an ancient lich
 77155 | Slime:1  | Entered Level 1 of the Pits of Slime
 78652 | Slime:4  | Reached XP level 26. HP: 189/189 MP: 39/45
 78714 | Slime:4  | Gained mutation: You occasionally lose the ability to drink
                  | potions when taking damage. [a shining eye]
 79275 | Slime:4  | Lost mutation: You occasionally lose the ability to drink
                  | potions when taking damage. [potion of mutation]
 79275 | Slime:4  | Gained mutation: You have a pair of small antennae on your
                  | head. [potion of mutation]
 79277 | Slime:5  | Entered Level 5 of the Pits of Slime
 79785 | Slime:5  | Paralysed by a formless jellyfish for 1 turns
 79805 | Slime:5  | Paralysed by a formless jellyfish for 1 turns
 80261 | Slime:5  | Found a viscous altar of Jiyva.
 80261 | Slime:5  | Noticed the Royal Jelly
 80529 | Slime:5  | Killed the Royal Jelly
 81186 | Slime:5  | Identified the staff of the Ageless Wonders {^Fragile rPois
                  | rF+ MP+9 Fire Alchemy}
 81194 | Slime:5  | Got a slimy rune of Zot
 81195 | Slime:5  | Identified the ring of Qenu {Fire ^Drain Str+5 Dex+8
                  | Stlth+}
 81204 | Slime:5  | Identified the +10 sling of Eternity {freeze, rPois}
 81218 | Slime:5  | Identified the +1 plate armour of Beogh's Benevolence {Harm
                  | MP-9 Dex+3}
 81220 | Slime:5  | Identified the +5 great sword "Dotycy" {holy, rElec}
 81269 | Slime:5  | Got Fifaps's Monograph on Despicable Liturgies and
                  | Electrocution
 81280 | Slime:5  | Identified the staff of the Imbibing Madman {rF+ rC+ rN+
                  | Earth}
 81727 | Zot:1    | Entered Level 1 of the Realm of Zot
 82599 | Zot:1    | Reached skill level 20 in Invocations
 85222 | Zot:2    | Identified the +1 robe of the Little Devil {Str+2}
 85954 | Zot:3    | Reached XP level 27. HP: 173/198 MP: 41/46
 87036 | Zot:3    | You fall into a shaft and drop 1 floor!
 87301 | Zot:4    | Found a transporter.
 87317 | Zot:4    | Noticed an orb of fire
 87403 | Zot:4    | Noticed Xeareikh's ghost (veteran DrSh)
 87407 | Zot:4    | Noticed Hoptod's ghost (master DsFi)
 87630 | Zot:3    | Found an opulent altar of Gozag.
 87683 | Zot:4    | Noticed an orb of fire
 88393 | Zot:4    | Noticed a dread lich
 88399 | Zot:4    | Killed a dread lich
 88711 | Zot:4    | Found a transporter.
 88711 | Zot:4    | Noticed Unkupp's ghost (veteran OnBe)
 89324 | Zot:5    | Entered Level 5 of the Realm of Zot
 90009 | Zot:5    | Noticed an orb of fire
 90030 | Zot:5    | Killed an orb of fire
 90031 | Zot:5    | Noticed an orb of fire
 90037 | Zot:5    | Noticed an orb of fire
 90038 | Zot:5    | Killed an orb of fire
 90043 | Zot:5    | Killed an orb of fire
 90275 | Zot:5    | Found Ytigy's Last-Chance Deals.
 90883 | Zot:5    | Reached skill level 21 in Invocations
 91005 | Zot:5    | Noticed an orb of fire
 91012 | Zot:5    | Gained mutation: You sometimes lose your temper in combat.
                  | [an orb of fire]
 91015 | Zot:5    | Killed an orb of fire
 91412 | Zot:5    | Lost mutation: You have a pair of small antennae on your
                  | head. [potion of mutation]
 91412 | Zot:5    | Lost mutation: You sometimes lose your temper in combat.
                  | [potion of mutation]
 91412 | Zot:5    | Gained mutation: Armour fits poorly on your strangely
                  | shaped body. [potion of mutation]
 91412 | Zot:5    | Gained mutation: Your flesh is cold resistant. (rC+)
                  | [potion of mutation]
 91412 | Zot:5    | Gained mutation: Your muscles are strong. (Str +4, Int/Dex
                  | -1) [potion of mutation]
 91675 | Zot:5    | Got the Orb of Zot
 92040 | D:15     | Noticed Badiqub the pandemonium lord
 92150 | D:11     | Noticed Eniro the pandemonium lord
 92365 | D:$      | Escaped with the Orb!

Illustrated notes

Levels and vault maps discovered:
D:1:      amcnicky_arrival_blooded_trapdoor, layout_rooms, serial_shops, shop
D:2:      layout_rooms
D:3:      layout_loops_corners, shapermc_ecumenical_altar_rom_forum
D:4:      layout_loops_cross, mainiacjoe_overflow_small_starburst,
          patterned_corridor, uniq_grinder
D:5:      layout_rooms, uniq_eustachio
D:6:      layout_rooms, fedhas_bush_and_centaur_altar, kennysheep_mini_moat,
          minmay_temple_entry_trees, nicolae_shop_sticking_my_neck_out
D:7:      layout_gridville, slow_altar_1, serial_shops, shop, enter_bailey_2
D:8:      due_megacathedral, layout_loops_ring, trog_butcher_becter,
          serial_shops, nicolae_shop_real_fake_doors, shop, shop,
          nicolae_shop_hallway_plus, nicolae_shop_behind_doors
D:9:      hangedman_cross_cluster, layout_loops_ring, uniq_erica
D:10:     minmay_general_purpose_star, layout_basic, jiyva_altar_1
D:11:     layout_small_grid, orc_david_3, uniq_harold
D:12:     layout_gridville
D:13:     layout_irregular_city, nicolae_lava_and_water
D:14:     layout_irregular_city, hellmonk_vaults_keyhole, minmay_misc_feat_five,
          grunt_ministairs_11
D:15:     gammafunk_enter_depths_forms, layout_irregular_city,
          hangedman_decor_push, serial_column_ruins, column_ruins_grid_1,
          column_ruins_open_tiny_water, column_ruins_grid_1,
          column_ruins_corridor_straight, column_ruins_open_large, uniq_azrael
Lair:1:   layout_regular_city, beast_lair_carwin_11, serial_bayou_shore_a,
          uniq_fannar
Lair:2:   layout_loops_ring, skrybe_swamp_entry_bodies
Lair:3:   layout_loops_ring, nicolae_snake_entry_warm_welcome,
          infiniplex_staircase_pool_2, lemuel_fruit_tree, serial_bayou_shore_b,
          uniq_rupert
Lair:4:   layout_roguey
Lair:5:   grunt_lair_end_beastmaster, layout_regular_city, slime_entry_2
Swamp:1:  layout_basic_swamp, evilmike_swamp_ruin_house_3, swamp_pool_1_2,
          water_boxes_lemuel
Swamp:2:  layout_falls_marsh, evilmike_swamp_ruin_wall,
          cheibrodos_swamp_pet_leeches
Swamp:3:  layout_basic_swamp, serial_swamp_ruin, evilmike_swamp_ruin_house_4,
          evilmike_swamp_ruin_rubble_1
Swamp:4:  swamp_alternative, layout_basic_swamp, worms_lemuel
Snake:1:  layout_basic, drop_trap
Snake:2:  layout_honeycomb, basic_altar, nicolae_snake_magic_snake_eye
Snake:3:  nicolae_snake_crotalidae_crossing, layout_grid_shapes,
          hangedman_snake_corridor_cut, uniq_vashnia, uniq_aizul
Snake:4:  snake_pit_salamanders_mu, layout_cave_town, uniq_mlioglotl
Slime:1:  layout_caves
Slime:2:  layout_caves, nicolae_slime_rock_hall_of_fame
Slime:3:  layout_caves, nicolae_slime_getting_an_eyeful
Slime:4:  layout_caves
Slime:5:  slime_pit
Orc:1:    layout_caves, portal_ice_cave_entry_ice_simulacra
Orc:2:    st_orc_town, layout_diamond_mine, hellmonk_ghost_happy_afterlife,
          regret_index_minedec_devilstone
Elf:1:    eino_elf_arrival_sip, layout_geoelf_octagon, minmay_elf_necromancy,
          serial_sigils_hangedman_writhe, uniq_donald
Elf:2:    nicolae_elf_blades_splatter_lattice [nicolae_blade_bullseye],
          layout_rooms, ebering_ghost_inner_flame
Elf:3:    minmay_elf_hall_hex, layout_loops_corners, serial_shops, shop
Vaults:1: nicolae_vaults_closet_pinwheel_6, vaults_mumra_chevron,
          nicolae_vaults_closet_pinwheel_4, nicolae_vaults_closet_pinwheel_4,
          v_pattern_5, nicolae_vaults_security_offices_1, v_alt_pattern_1,
          nicolae_vaults_prndl, hangedman_vaults_restitches, v_misc_14,
          vaults_room_pools, vaults_mumra_hex, layout_vaults_big_room,
          serial_shops, shop
Vaults:2: portal_desolation_entry_garden, nicolae_vaults_storage_closets_3,
          nicolae_vaults_sealed_display, hangedman_vaults_cutoff,
          nicolae_vaults_trapezoid_3, hangedman_vaults_maws, v_misc_14,
          nicolae_vaults_surprise_closet, hangedman_vaults_unwind,
          nicolae_vaults_rhombus_5, layout_vaults_omnicross, serial_shops,
          nicolae_shop_waterfront, shop, shop, nicolae_shop_rolling_square,
          uniq_mara
Vaults:3: nicolae_vaults_theta, vaults_room_stairs_pillars,
          ontoclasm_vaults_loading_screen, nicolae_vaults_network_periphery,
          vaults_room_hallway, nicolae_vaults_closet_pinwheel_4,
          nicolae_vaults_offset_grid_hallway_2,
          nicolae_vaults_storage_room_water, nicolae_vaults_surprise_closet,
          ontoclasm_vaults_shuriken, nicolae_vaults_storage_closets_1,
          layout_vaults_omnigrid, serial_shops, bzr_entry_customers,
          nicolae_square_shop, uniq_jory
Vaults:4: nicolae_vaults_disjoint_gnomons, nicolae_vaults_tetromino_T_1,
          nicolae_vaults_tangram_1, nicolae_vaults_network_barrier,
          vaults_dpeg_doors, nicolae_vaults_network_star,
          nicolae_vaults_tetromino_T_1, nicolae_vaults_house_2,
          nicolae_vaults_big_ls, nicolae_vaults_circle_grid_b,
          ontoclasm_vaults_ring_square, st_smaller_cells,
          nicolae_vaults_closet_pinwheel_3, v_misc_19, vaults_room_pool,
          layout_vaults_omnibox
Crypt:1:  hangedman_screamer, layout_chaotic_city
Crypt:2:  cheibrodos_crypt_3hun_7po, layout_misc_corridors,
          hangedman_weighted_door
Crypt:3:  cryptofortress_bobbens
Depths:1: layout_gridlike, grunt_mini_vestibule, minmay_misc_feat_room,
          minmay_misc_feat_tiny, solitary_fountain,
          chequers_serial_rivers_micro_c, minmay_crystal_room, corner_web_ring,
          roderic_lattice_a, item_on_display_a
Depths:2: kennysheep_water_balloons, layout_gridville, enter_ziggurat_f,
          rand_demon_pan_entry_3, hell_entry, hangedman_decor_slide_cut,
          okawaru_trees_1
Depths:3: minmay_the_grid_octo_tiled_octocenter_mashed
          [minmay_the_grid_octo_empty, minmay_the_grid_octo_teeth,
          minmay_the_grid_octo_empty, minmay_the_grid_octo_tetromino_candy,
          minmay_the_grid_octo_prize_ultimate_mussel_roller,
          minmay_the_grid_square_5x5_dogpile,
          minmay_the_grid_square_5x5_pentomino_r,
          minmay_the_grid_square_5x5_sharp_hourglass,
          minmay_the_grid_square_5x5_three_small], layout_twisted_cross,
          nzn_wu_jian_contemplation, abyss_entry, pf_hell_entry_tar_river,
          tso_altar, uniq_josephina
Depths:4: grunt_twist_and_shout, layout_cave_pools, minmay_room_of_horrors,
          pf_dread_powers_of_hell
Zot:1:    layout_cathedral_of_symmetry
Zot:2:    layout_onion_interference, regret_index_zotdec_zees,
          regret_index_zotdec_decaying_basic
Zot:3:    layout_misc_corridors, regret_index_zot_stipple_split,
          regret_index_zotdec_silver_v_v_orig_slice
Zot:4:    ebering_klown_carousel, layout_gridlike, nzn_ghost_randoct,
          lemuel_elevator
Zot:5:    layout_basic, st_stairs_14, grunt_ministairs_7,
          hellmonk_bargain_basement

Skill      XL: |  1  2  3  4  5  6  7  8  9 10 11 12 13 14 15 16 17 18 19 20 21 22 23 24 25 26 27 |
---------------+----------------------------------------------------------------------------------+-----
Spellcasting   | 5 6 7 8 9 10 11 12 13 14 15 16 17 18 19 20 | 20.0
Short Blades   | 1 2 3 5 6 7 8 9 10 11 12 13 14 15 16 17 18 19 | 19.5
Long Blades    | 1 2 3 5 6 7 8 9 10 11 12 13 14 15 16 17 18 19 | 19.5
Axes           | 1 2 3 5 6 7 8 9 10 11 12 13 14 15 16 17 18 19 | 19.5
Polearms       | 1 2 3 5 6 7 8 9 10 11 12 13 14 15 16 17 18 19 | 19.5
Staves         | 1 2 3 5 6 7 8 9 10 11 12 13 14 15 16 17 18 19 | 19.5
Ranged Weapons | 1 2 3 5 6 7 8 9 10 11 12 13 14 15 16 17 18 19 | 19.5
Throwing       | 1 2 3 5 6 7 8 9 10 11 12 13 14 15 16 17 18 19 | 19.5
Armour         | 1 2 3 5 6 7 8 9 10 11 12 13 14 15 16 17 18 19 | 19.5
Dodging        | 1 2 3 5 6 7 8 9 10 11 12 13 14 15 16 17 18 19 | 19.5
Shields        | 1 2 3 5 6 7 8 9 10 11 12 13 14 15 16 17 18 19 | 19.5
Unarmed Combat | 1 2 3 5 6 7 8 9 10 11 12 13 14 15 16 17 18 19 | 19.5
Evocations     | 1 2 3 5 6 7 8 9 10 11 12 13 14 15 16 17 18 19 | 19.5
Shapeshifting  | 1 2 3 4 5 6 7 8 9 10 11 12 13 14 15 16 17 18 | 18.0
Conjurations   | 1 2 3 4 5 6 7 8 9 10 11 12 13 14 15 16 | 16.6
Hexes          | 1 2 3 4 5 6 7 8 9 10 11 12 13 14 15 16 | 16.6
Necromancy     | 1 2 3 4 5 6 7 8 9 10 11 12 13 14 15 16 | 16.6
Translocations | 1 2 3 4 5 6 7 8 9 10 11 12 13 14 15 16 | 16.6
Fire Magic     | 1 2 3 4 5 6 7 8 9 10 11 12 13 14 15 16 | 16.6
Ice Magic      | 1 2 3 4 5 6 7 8 9 10 11 12 13 14 15 16 | 16.6
Air Magic      | 1 2 3 4 5 6 7 8 9 10 11 12 13 14 15 16 | 16.6
Earth Magic    | 1 2 3 4 5 6 7 8 9 10 11 12 13 14 15 16 | 16.6
Alchemy        | 1 2 3 4 5 6 7 8 9 10 11 12 13 14 15 16 | 16.6
Invocations    | 3 4 5 6 7 8 9 10 11 12 13 14 15 16 17 18 19 20 21 | 21.2
Fighting       | 3 4 5 6 7 8 9 10 11 12 13 14 15 16 17 18 19 | 19.7
Maces & Flails | 3 4 5 6 7 8 9 10 11 12 13 14 15 16 17 18 19 | 19.7
Stealth        | 5 6 7 8 9 10 11 12 13 14 15 16 17 18 19 | 19.9
Summonings     | 6 7 8 9 10 11 12 13 14 15 16 17 | 17.4

Action                     |  1- 3 |  4- 6 |  7- 9 | 10-12 | 13-15 | 16-18 | 19-21 | 22-24 | 25-27 || total
---------------------------+-------+-------+-------+-------+-------+-------+-------+-------+-------++-------
  Melee: Mace              |    73 |    45 |     9 |       |       |       |       |       |       ||   127
         Bite              |     5 |     1 |     6 |    19 |    55 |    51 |    87 |    86 |   100 ||   410
         Punch             |     4 |       |     1 |       |       |       |       |       |       ||     5
         Flail             |       |       |    28 |    95 |       |       |       |       |       ||   123
         Morningstar       |       |       |       |    73 |   466 |   324 |   461 |    96 |       ||  1420
         Trident           |       |       |       |       |       |       |       |   455 |   667 ||  1122
         Staff             |       |       |       |       |       |       |       |    12 |       ||    12
  Throw: Boomerang         |       |       |     8 |     3 |     1 |       |     1 |       |       ||    13
         Dart              |       |       |       |       |       |       |     3 |    17 |    29 ||    49
   Cast: Summon Small Mamm |    29 |    23 |    12 |     2 |       |       |       |     1 |       ||    67
         Call Imp          |     5 |     8 |    20 |    28 |    12 |       |       |       |       ||    73
         Call Canine Famil |     1 |     7 |    17 |    23 |    28 |     8 |       |       |       ||    84
         Foxfire           |       |     5 |    34 |    55 |    31 |     1 |    10 |     1 |       ||   137
         Stone Arrow       |       |       |     1 |    12 |   102 |   168 |   171 |   172 |   117 ||   743
         Summon Blazeheart |       |       |       |    19 |    58 |     9 |     4 |     4 |       ||    94
         Martyr's Knell    |       |       |       |       |     6 |     3 |       |       |       ||     9
         Irradiate         |       |       |       |       |     8 |    12 |    47 |    40 |    82 ||   189
         Borgnjor's Vile C |       |       |       |       |     4 |    40 |    28 |    49 |    11 ||   132
         Dispel Undead     |       |       |       |       |     7 |    10 |    21 |    55 |    78 ||   171
         Ozocubu's Armour  |       |       |       |       |     1 |     2 |     3 |     4 |     1 ||    11
         Freezing Cloud    |       |       |       |       |       |   168 |    99 |    97 |   173 ||   537
         Summon Cactus Gia |       |       |       |       |       |     1 |    18 |    33 |    28 ||    80
         Yara's Violent Un |       |       |       |       |       |       |     5 |    66 |    25 ||    96
         Enfeeble          |       |       |       |       |       |       |       |    10 |    19 ||    29
         Orb of Destructio |       |       |       |       |       |       |       |       |    76 ||    76
         Dispersal         |       |       |       |       |       |       |       |       |     1 ||     1
 Invoke: Ancestor Life: He |       |     1 |       |       |       |       |       |       |       ||     1
         Recall Ancestor   |       |       |     2 |     4 |     5 |     8 |     5 |    13 |    19 ||    56
         Idealise          |       |       |       |       |       |       |     3 |     3 |     2 ||     8
  Evoke: Wand              |       |       |    11 |     8 |     1 |    14 |     8 |     1 |     9 ||    52
         Phantom mirror    |       |       |       |       |       |     1 |     1 |       |       ||     2
         Lightning rod     |       |       |       |       |       |       |       |       |     1 ||     1
    Use: Scroll            |     4 |       |    14 |     5 |    11 |     5 |    10 |     5 |    11 ||    65
         Potion            |       |       |       |       |     2 |     2 |       |     1 |    11 ||    16
   Stab: Distracted        |     1 |       |     4 |     3 |     6 |     6 |     6 |    24 |    27 ||    77
         Sleeping          |       |     2 |       |       |     3 |       |     5 |     6 |     3 ||    19
         Confused          |       |       |       |     7 |    13 |     6 |    29 |    25 |    41 ||   121
         Paralysed         |       |       |       |     3 |    20 |    24 |    31 |    58 |    42 ||   178
         Invisible         |       |       |       |       |       |       |       |       |     6 ||     6
 Armour: Robe              |    54 |    53 |    29 |   154 |   306 |    84 |   314 |   229 |       ||  1223
         Skin              |       |       |       |       |       |   164 |       |       |       ||   164
         Leather armour    |       |       |       |       |       |       |       |   118 |   460 ||   578
  Dodge: Dodged            |    53 |    52 |    30 |   189 |   274 |   220 |   269 |   235 |   454 ||  1776
  Block: Buckler           |       |       |    11 |    70 |   129 |   106 |   125 |    77 |       ||   518
         Kite shield       |       |       |       |       |       |       |       |   109 |   442 ||   551
         Reflection        |       |       |       |       |       |       |       |    20 |    10 ||    30

Table legend: (Time is in decaauts)
 A = Elapsed time spent in this place.
 B = Non-inter-level travel time spent in this place.
 C = Inter-level travel time spent in this place.
 D = Time resting spent in this place.
 E = Time spent auto-exploring this place.
 F = Levels seen in this place.
 G = Mean time per level.
                   A        B        C        D        E       F      G
               +--------+--------+--------+--------+--------+-----+--------+
         Total |  92498 |  82909 |   9589 |  27923 |  20257 |  57 | 1622.8 |
       Dungeon |  19389 |  14850 |   4539 |   2916 |   6794 |  15 | 1292.6 |
          Lair |   7280 |   6020 |   1260 |   1278 |   2665 |   5 | 1456.0 |
         Swamp |   3834 |   3633 |    201 |    922 |    910 |   4 |  958.5 |
     Snake Pit |   9752 |   9451 |    301 |   3902 |   1938 |   4 | 2438.0 |
    Slime Pits |   4241 |   3919 |    322 |   1836 |    742 |   5 |  848.2 |
  Orcish Mines |   2757 |   2404 |    353 |    752 |    471 |   2 | 1378.5 |
   Elven Halls |   6146 |   5814 |    332 |   1860 |   1131 |   3 | 2048.7 |
        Vaults |  10088 |   9346 |    742 |   3375 |   1994 |   4 | 2522.0 |
         Crypt |   5773 |   5610 |    163 |   2241 |    853 |   3 | 1924.3 |
        Depths |  11118 |  10154 |    964 |   4420 |   1008 |   4 | 2779.5 |
           Zot |  10071 |   9663 |    408 |   3711 |   1625 |   5 | 2014.2 |
        Bazaar |    154 |    154 |      0 |      0 |     11 |   1 |  154.0 |
        Bailey |   1094 |   1094 |      0 |    400 |     72 |   1 | 1094.0 |
      Ice Cave |    794 |    794 |      0 |    309 |     42 |   1 |  794.0 |
               +--------+--------+--------+--------+--------+-----+--------+

Top non-repeatable levels by time:
Depths:3: 5043 daAuts
 Snake:4: 3528 daAuts
Vaults:1: 3122 daAuts
   Elf:3: 2643 daAuts
Depths:1: 2577 daAuts
Vaults:4: 2557 daAuts
Vaults:2: 2547 daAuts
     D:8: 2490 daAuts
Depths:2: 2353 daAuts
   Zot:1: 2326 daAuts
 Snake:2: 2309 daAuts
 Crypt:1: 2274 daAuts
   Zot:5: 2210 daAuts
 Snake:3: 2174 daAuts
  Lair:5: 2031 daAuts
